[Event "FIDE WSCC 65 2022"]
[Site "Assisi"]
[Date "2022.11.26"]
[Round "11.6"]
[White "Knaak, Rainer"]
[Black "Thuesen, Mogens"]
[Result "1-0"]
[ECO "D48"]
[WhiteElo "2457"]
[BlackElo "2115"]
[Annotator "TA"]
[PlyCount "65"]
[EventDate "2022.11.14"]
[EventType "swiss"]
[EventCountry "ITA"]
[SourceTitle "playchess.com"]
[Source "ChessBase"]
[SourceQuality "1"]
[TimeControl "40/5400+30:1800+30"]

1. d4 d5 2. c4 e6 3. Nf3 c6 4. e3 Nf6 5. Nc3 Nbd7 6. Bd3 dxc4 7. Bxc4 b5 8. Bd3 Bb7 9. O-O a6 10. a4 b4 11. Ne4 c5 12. Nxf6+ gxf6 {[%emt 0:05:49] D48: Semi-Slav: Meran System: 7...b5 8 Bd3 a6.} 13. Qe2 Bd6 14. e4 Qc7 {[%emt 0:12:33] White is slightly better.} 15. d5 (15. Be3 {simplifies} cxd4 16. Bxd4 Bf4 17. g3) 15... Rg8 (15... O-O $16) 16. Bc4 ({Better is} 16. Rd1 $18) 16... Ke7 {[%emt 0:02:07] [#]} (16... Nb6 $142) 17. a5 $146 ({Predecessor:} 17. e5 Bxe5 18. Rd1 Nb6 19. Nxe5 Qxe5 20. Be3 Nxc4 21. Qxc4 Bxd5 22. Qxc5+ Ke8 23. g3 {0-1 (47) Gallego Jimenez,V (2367)-Bolado Saez,S (2349) Madrid 2014}) 17... h5 18. h3 h4 19. Rd1 (19. Nxh4 $6 Ne5 $14) 19... Rg7 (19... Ne5 $142 20. Be3 (20. Nxh4 Rh8 $16) 20... Nxf3+ 21. Qxf3 Rg7) 20. Bh6 $18 (20. Nxh4 Rh8 21. Nf3 Rxh3 22. dxe6 (22. Bxa6 $2 Qc8 $19) 22... fxe6 $17) 20... Rg6 21. Be3 Ne5 22. Nxe5 Bxe5 23. Qc2 {[%emt 0:00:19] Threatens to win with dxe6.} Rag8 (23... Rc8 {is a better defense.} 24. Rac1 Bd6) 24. Bf1 Bd6 (24... Bh2+ 25. Kh1 Bd6 26. Rac1 exd5 27. exd5) 25. Rac1 exd5 (25... Qxa5 $2 26. dxe6 (26. Bxc5 Bxc5 27. Qxc5+ Qxc5 $16) 26... f5 {[#]} 27. Rxd6 $1 (27. Bxc5 Qxc5 28. Qxc5 Bxc5 $18) 27... Bxe4 28. Qc4 Rxe6 29. Rxe6+ fxe6 30. f3 Bxf3 31. Qxh4+ Kf7 32. Rxc5 $18) (25... Bh2+ $2 26. Kh1 Bd6 27. dxe6 fxe6 28. Rxd6 $1 Kxd6 29. Qd1+ Ke7 30. Bxc5+ Ke8 31. Bb6 $18 (31. Bxb4 Qd7 $16)) 26. Bxc5 Bxc5 (26... Qxa5 $2 27. Bxd6+ (27. exd5 Bxc5 28. Qxc5+ Qxc5 $14) 27... Kxd6 28. Qc4 $18) 27. Qxc5+ Qxc5 28. Rxc5 {[%emt 0:00:04] Hoping for Rc7+.} Kd6 {[%emt 0:01:15] Against Rc7} (28... Rc8 {was necessary.} 29. Rxc8 Bxc8) 29. Rc4 Rg5 (29... b3 {keeps fighting.} 30. Rb4 Ba8 31. exd5 (31. Bxa6 Rxg2+ 32. Kf1 Rg1+ 33. Ke2 Rxd1 $11) 31... Rg5 32. Rxb3 (32. Bxa6 Rxg2+ 33. Kf1 Rg1+ 34. Ke2 Rxd1 $16) 32... Rxd5 33. Rb6+ Kd7 34. Rxd5+ Bxd5 35. Rxa6 f5) 30. Rxb4 Bc8 31. Kh2 Kc5 $2 (31... d4 $18 32. Rdxd4+ Ke7) 32. Rb6 dxe4 33. b4# {[%emt 0:12:54] White took control after the opening.   Weighted Error Value: White=0.27 (precise) /Black=0.70} 1-0

[Event "FIDE WSCC 65 2022"]
[Site "Assisi"]
[Date "2022.11.26"]
[Round "11.7"]
[White "Jansa, Vlastimil"]
[Black "Ubezio, Marco"]
[Result "1-0"]
[ECO "C67"]
[WhiteElo "2390"]
[BlackElo "2070"]
[Annotator "TA"]
[PlyCount "75"]
[EventDate "2022.11.14"]
[EventType "swiss"]
[EventCountry "ITA"]
[SourceTitle "playchess.com"]
[Source "ChessBase"]
[SourceQuality "1"]
[TimeControl "40/5400+30:1800+30"]

1. e4 e5 2. Nf3 Nc6 3. Bb5 Nf6 4. O-O Nxe4 5. Re1 Nd6 6. Nxe5 Be7 7. Bf1 Nxe5 8. Rxe5 O-O 9. Nc3 {[%emt 0:00:38] C67: Ruy Lopez: Berlin Defence: 4 0-0 Nxe4.} c6 {[%emt 0:01:08] Against Nd5} 10. d4 Bf6 {[%emt 0:09:30] Against d5} 11. Re1 {[%emt 0:02:09] White is slightly better.} Re8 12. Rxe8+ Nxe8 13. d5 {[%emt 0:00:57] [#]} Bxc3 $146 ({Better is} 13... d6 $11) ({Predecessor:} 13... d6 14. Ne4 Be7 15. c4 cxd5 16. cxd5 Bf5 17. Ng3 Bg6 18. Be3 Nf6 19. Qb3 Ng4 {½-½ (61) Navara,D (2734)-Ding,L (2805) Prague 2019}) 14. bxc3 $14 cxd5 15. Qxd5 {[%emt 0:02:15] Threatens to win with Bg5.} Nf6 16. Qd4 $40 {[%emt 0:04:55][%mdl 128] White attacks.} Qb6 17. a4 {[%emt 0:04:55][%cal Ba2a4,Ba4a5][%mdl 32] White is more active.} Qxd4 18. cxd4 d5 19. Bd3 {[%emt 0:09:13] Prevents Bf5.} Bd7 20. a5 Re8 21. Bf4 Ne4 $1 22. Ra3 {[%emt 0:07:06] Prevents Nc3.} a6 (22... Nd6 $11 23. f3 (23. Bxd6 Re1+ 24. Bf1 Bb5 $11) 23... Nc4 24. Bxc4 dxc4) 23. f3 $16 Nf6 24. Be5 Nh5 25. Rc3 {[%emt 0:08:25] [#] aiming for Rc7.} g6 $2 {[%emt 0:12:09] Loses the game.} (25... Bc6 $16) 26. Rc7 $18 Bc8 27. c4 Be6 (27... f6 $142) 28. c5 ({Less strong is} 28. Rxb7 dxc4 29. Be4 f6 $16) 28... Bc8 29. c6 bxc6 30. Rxc6 f6 31. Bd6 ({Don't take} 31. Bxf6 Nxf6 32. Rxf6 Re3 $18) 31... Ng7 32. Bxa6 Bxa6 33. Rxa6 {[%emt 0:00:09] KRB-KRN} Ne6 34. Bc5 (34. Rb6 $142 Nxd4 35. a6 Re1+ 36. Kf2 Re2+ 37. Kf1) 34... Nf4 $2 (34... Nxc5 35. dxc5 Kf7) 35. Rxf6 Nd3 {[%emt 0:11:58] [#]} (35... Ne6 $18 36. Bd6 Nxd4) 36. Rf8+ $1 Rxf8 37. Bxf8 Kxf8 38. a6 {[%emt 0:00:00] Weighted Error Value: White=0.12 (very precise) /Black=0.48} 1-0

[Event "FIDE WSCC 65 2022"]
[Site "Assisi"]
[Date "2022.11.26"]
[Round "11.8"]
[White "Takyrbashev, Tilek"]
[Black "Hebert, Jean"]
[Result "0-1"]
[ECO "C05"]
[WhiteElo "1881"]
[BlackElo "2333"]
[Annotator "TA"]
[PlyCount "83"]
[EventDate "2022.11.14"]
[EventType "swiss"]
[EventCountry "ITA"]
[SourceTitle "playchess.com"]
[Source "ChessBase"]
[SourceQuality "1"]
[TimeControl "40/5400+30:1800+30"]

1. e4 e6 2. d4 d5 3. Nd2 Nf6 4. exd5 exd5 5. Ngf3 Bd6 6. Bd3 O-O 7. O-O Nc6 8. c3 Bg4 {[%emt 0:00:47] C05: French Tarrasch: 3...Nf6 4 e5 Nfd7, 5 f4 and 5 Bd3 sidelines.} 9. h3 Bh5 10. Re1 Re8 {[%emt 0:06:59] The position is equal.} 11. Rxe8+ Qxe8 12. Qe1 {[%emt 0:02:12] [#]} Ne7 $146 ({Predecessor:} 12... Qxe1+ 13. Nxe1 Re8 14. Kf1 Ne7 15. c4 c6 16. c5 Bc7 17. Ndf3 Bxf3 18. Nxf3 Ne4 {0-1 (54) Suprun,G-Kononov,V (2185) Moscow 1996}) 13. Qf1 c5 (13... Ng6 $15 {might be stronger.}) 14. dxc5 $11 Bxc5 15. Nb3 Bb6 16. Nbd4 Ne4 17. Be2 Nc6 18. Be3 {[%emt 0:02:46] [#]} Ng3 $1 19. fxg3 Qxe3+ 20. Kh2 Re8 21. Nf5 (21. Bb5 $11 {and White is okay.} Bxf3 22. Nxf3) 21... Qe6 $2 (21... Qxe2 $19 22. Re1 Bxf3 23. Rxe2 Bxe2) 22. g4 {[%emt 0:00:57] [#]} (22. Bd3 $17 {is a better defense.}) 22... Bg6 ({Don't do} 22... Qxe2 23. Re1 Bc7+ 24. Ng3 $16) (22... Bc7+ $1 $19 23. Kg1 Qxe2 24. Qxe2 Rxe2 25. gxh5 Rxb2) 23. Bd3 $15 Bc7+ 24. Kh1 Bxf5 25. Bxf5 Qf6 26. Re1 Rxe1 27. Qxe1 g6 28. Bc8 b6 (28... Na5 {is more complex.} 29. Qe8+ Kg7 30. g5 Qf4) 29. Bb7 {[%emt 0:00:44] Qe8+ is the strong threat.} (29. Qe8+ {feels hotter.} Kg7 30. Qd7 Bg3 31. g5) 29... Ne7 30. Qd2 Qe6 31. Qe1 Qd6 32. Qd2 f6 33. a4 Kg7 34. Qd4 h6 35. Qd2 g5 36. Qd4 Qc5 37. Qxc5 bxc5 38. Kg1 Kf7 39. Kf2 Ke6 40. Ke2 Ng6 41. Ne1 Nf4+ 42. Kd2 {[%emt 0:00:40] Weighted Error Value: White=0.26 (precise) /Black=0.22 (precise)} 0-1

[Event "FIDE WSCC 65 2022"]
[Site "Assisi"]
[Date "2022.11.26"]
[Round "11.9"]
[White "Pomes Marcet, Joan"]
[Black "Kiefer, Gerhard"]
[Result "1-0"]
[ECO "E70"]
[WhiteElo "2197"]
[BlackElo "2260"]
[Annotator "TA"]
[PlyCount "84"]
[EventDate "2022.11.14"]
[EventType "swiss"]
[EventCountry "ITA"]
[SourceTitle "playchess.com"]
[Source "ChessBase"]
[SourceQuality "1"]
[TimeControl "40/5400+30:1800+30"]

1. d4 Nf6 2. c4 g6 3. Nc3 Bg7 4. e4 d6 5. Bd3 O-O 6. Nge2 Nc6 7. O-O e5 8. d5 Nd4 9. Nxd4 exd4 10. Ne2 {[%emt 0:00:07] The main line 10.Ne2 scores better than 10.Nb5.} Nd7 11. f3 (11. b4 $5 ) 11... c5 {[%emt 0:07:26] E70: King's Indian: Miscellaneous lines with 4 e4, including 5 Nge2 and 5 Bd3 0-0 6 Nge2.} 12. Ng3 (12. f4) 12... Ne5 {[%emt 0:08:37] [#]} 13. Be2 $146 ({Predecessor:} 13. f4 Nxd3 14. Qxd3 Bd7 15. Bd2 a6 16. a4 b5 17. axb5 axb5 18. b3 Qb6 19. f5 {0-1 (32) Peglau,M (1840)-Leib,B (1900) Braunfels 2021}) 13... h5 {[%emt 0:19:38] Black is slightly better.} (13... Qh4 {seems wilder.} 14. Nh1 f5 15. Nf2 b6) 14. a4 b6 15. Qb3 (15. Ra2 $11) 15... Rb8 (15... h4 $17 16. Nh1 h3) 16. f4 $11 Ng4 17. Bxg4 (17. h3 Ne3 18. Rf3 Qh4 $17) 17... Bxg4 18. h3 {[%emt 0:00:23] Prevents f5.} Bd7 19. f5 Be5 (19... h4 $15 20. Nh1 Qf6) 20. Bf4 Bxf4 21. Rxf4 h4 22. Nh1 g5 23. Rg4 f6 24. g3 hxg3 25. h4 $1 Kf7 26. Qxg3 Qe7 27. Nf2 (27. hxg5 {keeps more tension.} fxg5 28. Nf2 Rh8 29. Nh3) 27... Rg8 (27... Rh8 $16) 28. hxg5 $1 $18 Rxg5 29. Rxg5 fxg5 30. Kg2 {[%emt 0:01:27] Threatens to win with Rh1.} Rh8 {[%emt 0:00:39] [#]} 31. b3 $1 a6 32. Rh1 Rxh1 33. Kxh1 {[%emt 0:00:05][%mdl 4096] Endgame KQB-KQN} b5 34. axb5 axb5 35. Kg2 bxc4 36. bxc4 Ba4 {[%emt 0:00:55] [#]} 37. Qh3 ({Better is} 37. Qf3 $1 $16 ) 37... Ke8 $2 ({Black should try} 37... Kg7 $1 $14) 38. Qh8+ Kd7 $2 (38... Qf8 39. Qh5+ Ke7 40. Qh7+ (40. Qxg5+ Qf6 $16) 40... Qf7 41. f6+ Kxf6 42. e5+ dxe5 43. Ne4+ Ke7 44. d6+ (44. Nxg5 $2 {perishes.} Qxh7 45. Nxh7 d3 $19) (44. Qh6 Qf5 $11) 44... Kf8 45. Qh8+ (45. Nxg5 $2 Bc6+ 46. Kg1 Qxh7 $19) 45... Qg8 46. Qxe5 Qg7 47. Qxc5 Bd7) 39. f6 {[%emt 0:01:50] White is clearly winning.} Qf7 40. Ng4 (40. e5 $142 dxe5 41. Nd3) 40... Bc2 41. e5 {[%emt 0:31:12] Threatening mate with e6+.} Bf5 42. Qg7 Ke8 {[%emt 0:00:00] Weighted Error Value: White=0.20 (precise) /Black=0.38} 1-0

[Event "FIDE WSCC 65 2022"]
[Site "Assisi"]
[Date "2022.11.26"]
[Round "11.10"]
[White "Petran, Peter"]
[Black "Sideifzade, Fikret"]
[Result "0-1"]
[ECO "A07"]
[WhiteElo "2213"]
[BlackElo "2391"]
[Annotator "TA"]
[PlyCount "82"]
[EventDate "2022.11.14"]
[EventType "swiss"]
[EventCountry "ITA"]
[SourceTitle "playchess.com"]
[Source "ChessBase"]
[SourceQuality "1"]
[TimeControl "40/5400+30:1800+30"]

1. g3 Nf6 2. Bg2 d5 3. d3 c6 4. Nf3 Bf5 5. b3 e6 6. Bb2 {[%emt 0:00:08] A07: Réti Opening: New York and Capablanca Systems.} Be7 7. Nbd2 O-O 8. Nh4 {[%emt 0:01:01] The position is equal.} Bg4 9. h3 Bh5 10. g4 Nfd7 11. Nhf3 Bg6 12. e4 a5 {[%emt 0:07:24] [#]} 13. a4 $146 ({Predecessor:} 13. a3 c5 14. O-O Nc6 15. Qe2 a4 16. Rfe1 Bf6 17. Bxf6 Qxf6 18. Rab1 Qc3 19. exd5 exd5 {1-0 (37) Bayer,B (2442)-Milanovic,D (2502) Austria 2014}) 13... Na6 14. O-O Nb4 15. Re1 b5 16. Ne5 Nxe5 17. Bxe5 Bf6 (17... Qb6 {feels hotter.} 18. Nf3 bxa4 19. Rxa4 Rfd8) 18. Bxf6 Qxf6 19. e5 Qe7 20. Nf3 Rfc8 21. Re2 bxa4 22. Rxa4 c5 23. Ne1 h5 24. f4 hxg4 25. hxg4 Ra7 26. Rf2 c4 27. f5 Bh7 28. d4 $2 {[%emt 0:09:02] [#] Loses the game.} (28. bxc4 $11 {and White has nothing to worry.} dxc4 29. d4) 28... cxb3 $19 29. cxb3 Qg5 30. Qf3 Rc1 31. Rf1 exf5 32. gxf5 Qd2 33. Rxb4 $2 (33. Qf2 Qxf2+ 34. Kxf2) 33... axb4 {[%emt 0:02:14] Black is clearly winning.} 34. Qxd5 Qe3+ (34... Rxe1 $2 35. Qd8#) 35. Kh2 Qh6+ (35... Rxe1 $2 36. Qd8#) 36. Kg1 {[%emt 0:00:09] [#]} Bxf5 $1 37. Qf3 g6 {[%emt 0:01:42] White must now prevent ...Raa1.} 38. Qf2 Rd1 {[%emt 0:05:36] Against e6. aiming for ...Raa1.} 39. d5 Re7 40. Qg3 Qd2 41. Kh2 Qc3 {[%emt 0:30:30] Weighted Error Value: White=0.45/Black=0.08 (flawless)} 0-1

[Event "FIDE WSCC 65 2022"]
[Site "Assisi"]
[Date "2022.11.26"]
[Round "11.11"]
[White "Binham, Timothy F."]
[Black "Chapman, Terry P D"]
[Result "*"]
[ECO "E94"]
[WhiteElo "2284"]
[BlackElo "2216"]
[Annotator "TA"]
[PlyCount "86"]
[EventDate "2022.11.14"]
[EventType "swiss"]
[EventCountry "ITA"]
[SourceTitle "playchess.com"]
[Source "ChessBase"]
[SourceQuality "1"]
[TimeControl "40/5400+30:1800+30"]

1. e4 c6 2. c4 e5 3. Nf3 d6 4. d4 Nd7 5. Nc3 Ngf6 6. Be2 g6 7. O-O Bg7 8. Be3 O-O 9. d5 c5 10. Ne1 Qe7 {[%emt 0:03:02] E94: King's Indian: Classical: 6 Be2 e5 7 0-0: Various Black 7th moves.} 11. a3 {[%emt 0:02:48] [#]} Kh8 $146 ({Predecessor:} 11... Ne8 12. b4 f5 13. f3 Ndf6 14. bxc5 dxc5 15. d6 Nxd6 16. Bxc5 Rd8 17. Nb5 Nfe8 18. Qb3 {0-1 (27) Soural,J (2178)-Sejkora,V (2215) Czech Republic 2013}) 12. b4 b6 {[%emt 0:00:04] White is better.} 13. Nd3 Ng8 14. Qd2 f5 {[%emt 0:02:59] White must now prevent ...f4.} 15. f3 f4 16. Bf2 h5 17. Rab1 Rf7 18. Nb5 Ndf6 {[%emt 0:10:29] [#]} (18... Nb8 $16 {was worth a try.} 19. Bd1 Na6) 19. Nxd6 $1 Qxd6 20. bxc5 bxc5 21. Bxc5 Qc7 22. Qb4 Ne8 23. Bf2 Nh6 24. c5 {[%emt 0:02:24] White is much more active. The black rooks are badly placed.} Ba6 {[%emt 0:05:01] [#]} (24... Qd8 $16 25. c6 g5) 25. Nxf4 $1 $18 Bxe2 26. Nxe2 Rd7 27. Rfc1 {[%emt 0:02:20][%mdl 1024] White has strong compensation.} Nf7 28. Nc3 {[%emt 0:06:56] c6 is the strong threat.} Bf8 29. Nb5 Qc8 30. Qc4 a6 31. Nc3 {[%emt 0:00:21] Strongly threatening Na4.} Rb7 32. Na4 {[%emt 0:04:54] And now Nb6 would win.} Rxb1 33. Rxb1 {[%emt 0:00:02] aiming for Nb6.} Rb8 34. Rxb8 Qxb8 35. Nb6 (35. Qxa6 Qb1+ 36. Qf1 Qc2 $15) 35... Qc7 36. a4 (36. Qxa6 Bxc5 37. Nc4 Ned6 38. Nxd6 Bxd6 $15) 36... Kg7 37. Kf1 (37. Qxa6 Bxc5 38. Nc4 Bxf2+ 39. Kxf2 Qc5+ 40. Ne3 Nf6 $15) 37... Be7 38. Ke2 ({Inferior is} 38. Qxa6 Bxc5 39. Na8 Qb8 $11) 38... g5 39. Be3 ({And not} 39. Qxa6 Bxc5 40. Na8 Qe7 $11) 39... g4 40. d6 ({Weaker is} 40. Qxa6 Bxc5 41. Nc4 Bxe3 42. Nxe3 Ned6 $11) 40... gxf3+ 41. Kxf3 {[%emt 0:33:11] Really sharp!} (41. gxf3 $18 Nexd6 42. cxd6 Qxc4+ 43. Nxc4 Bxd6 44. Kd3) 41... Bxd6 $16 42. cxd6 Qxc4 (42... Qxd6 $16 {was called for.} 43. Qxa6 Nf6) 43. Nxc4 $18 {[%emt 0:00:00] Threatens to win with d7.} Nexd6 {[%emt 0:00:07] Weighted Error Value: White=0.15 (very precise) /Black=0.22 (precise)} *

[Event "FIDE WSCC 65 2022"]
[Site "Assisi"]
[Date "2022.11.26"]
[Round "11.12"]
[White "Roos, Jean-Luc"]
[Black "Gaprindashvili, Nona"]
[Result "1/2-1/2"]
[ECO "B15"]
[WhiteElo "2195"]
[BlackElo "2268"]
[Annotator "TA"]
[PlyCount "24"]
[EventDate "2022.11.14"]
[EventType "swiss"]
[EventCountry "ITA"]
[SourceTitle "playchess.com"]
[Source "ChessBase"]
[SourceQuality "1"]
[TimeControl "40/5400+30:1800+30"]

1. d4 g6 2. e4 c6 3. Nc3 d5 4. h3 Nh6 5. Nf3 f6 6. Bf4 {[%emt 0:04:26] B15: Caro-Kann: 3 Nc3: 3...g6 and 3...dxe4 4 Nxe4 Nf6 5 Nxf6+ exf6.} a6 (6... Bg7 $14 {might be stronger.}) 7. Qd2 $16 {[%emt 0:01:26] White has more active pieces.} Nf7 8. Bd3 {[%emt 0:09:28] White is better.} Bg7 9. O-O (9. O-O-O $16) 9... O-O 10. e5 (10. Rad1 $14) 10... fxe5 (10... c5 $5 11. e6 (11. dxc5 $2 {too greedy.} fxe5 12. Bg3 e4 $19) (11. exf6 Bxf6 12. Be3 Nc6 $15) 11... Bxe6 $11) 11. Nxe5 Nd7 12. Nf3 {[%emt 0:52:56] [#]} Nb8 $146 {[%emt 0:00:30] Weighted Error Value: White=0.30/Black=0.16 (very precise)} (12... e5 $11 {remains equal.} 13. Nxe5 Ndxe5 14. dxe5 Bxe5) ({Predecessor:} 12... e5 13. dxe5 Ndxe5 14. Nxe5 Nxe5 15. Rae1 Nf7 16. Na4 b5 17. Nc5 Bxb2 18. c3 Qf6 19. Qxb2 Qxf4 {½-½ (42) Sosna,J (2395)-Vokac,M (2466) Stare Mesto 2009}) 1/2-1/2

[Event "FIDE WSCC 65 2022"]
[Site "Assisi"]
[Date "2022.11.26"]
[Round "11.13"]
[White "Lanc, Alois"]
[Black "Hutchinson, Paul A"]
[Result "1-0"]
[ECO "B01"]
[WhiteElo "2268"]
[BlackElo "2148"]
[Annotator "TA"]
[PlyCount "45"]
[EventDate "2022.11.14"]
[EventType "swiss"]
[EventCountry "ITA"]
[SourceTitle "playchess.com"]
[Source "ChessBase"]
[SourceQuality "1"]
[TimeControl "40/5400+30:1800+30"]

1. e4 d5 2. exd5 Qxd5 3. Nc3 Qa5 4. d4 Nf6 5. Nf3 Bg4 6. h3 Bxf3 7. Qxf3 c6 8. Bd2 $1 {[%emt 0:04:52] The main line 8.Bd2 scores better than 8.Bc4.} Nbd7 9. O-O-O e6 10. Kb1 {[%emt 0:02:40] B01: Scandinavian Defence.} Bb4 11. a3 Bxc3 12. Bxc3 {[%emt 0:00:49] White is slightly better.} Qd5 {[%emt 0:00:07] [#]} 13. Qd3 $146 (13. Qxd5 {simplifies} Nxd5 14. Bd2 b5 15. Be2) ({Predecessor:} 13. Qxd5 Nxd5 14. Bd2 b5 15. c4 bxc4 16. Bxc4 N7b6 17. Bb3 O-O-O 18. a4 Kb7 19. Rc1 {½-½ (71) Ladron de Guevara Pinto,P (2429)-Munoz Pantoja,M (2482) Brena Baja 2019}) 13... a5 14. Be2 b5 15. Bf3 Qd6 16. d5 $36 {[%emt 0:00:08][%mdl 2048] White has some pressure.} cxd5 17. Bxf6 gxf6 18. Qxb5 {[%emt 0:00:08][%cal Rf3d5] Strongly threatening Bxd5!} O-O {[%emt 0:00:12] [#]} (18... Qb6 $11 {remains equal.} 19. Qxb6 Nxb6) 19. Bxd5 $1 $16 {[%emt 0:04:23][%mdl 512] White is more active.} Rab8 (19... exd5 $2 20. Rxd5 Qb6 21. Qxd7) 20. Bb7 ({Worse is} 20. Qxa5 exd5 21. Rxd5 Qc6 $17) 20... Qe5 (20... Qb6 $16 21. Qxd7 Rxb7) 21. Qxd7 $18 {[%emt 0:05:52] White is clearly winning.} Rxb7 22. Qxb7 Rb8 {[%emt 0:00:04] [#]} 23. f4 $1 {[%emt 0:02:10] Weighted Error Value: White=0.06 (flawless) /Black=0.61} 1-0

[Event "FIDE WSCC 65 2022"]
[Site "Assisi"]
[Date "2022.11.26"]
[Round "11.14"]
[White "Maryasin, Boris"]
[Black "Gruzmann, Boris"]
[Result "1-0"]
[ECO "A45"]
[WhiteElo "2258"]
[BlackElo "2156"]
[Annotator "TA"]
[PlyCount "99"]
[EventDate "2022.11.14"]
[EventType "swiss"]
[EventCountry "ITA"]
[SourceTitle "playchess.com"]
[Source "ChessBase"]
[SourceQuality "1"]
[TimeControl "40/5400+30:1800+30"]

1. d4 Nf6 2. Nc3 c5 3. dxc5 e6 4. e4 Nc6 5. Nf3 Bxc5 {[%emt 0:01:54] White should prevent ...Ng4.} 6. Bd3 {[%emt 0:00:24] A45: Trompowsky Attack.} d5 7. exd5 Nxd5 8. Ne4 {[%emt 0:00:16] The position is equal.} Be7 9. a3 {[%emt 0:00:36] [#]} Nf6 $146 (9... O-O $11) ({Predecessor:} 9... Bd7 10. O-O O-O 11. c4 Nf6 12. Qc2 h6 13. Bf4 Nh5 14. Be3 f5 15. Nc3 e5 {0-1 (36) Sciupokas,A (1971)-Pluta,P (1708) Vilnius 2017}) 10. Qe2 Nd4 11. Nxd4 Qxd4 12. c3 Qd8 13. Bf4 {[%emt 0:01:13] Bb5+ is the strong threat.} O-O (13... Nd5 $11 {keeps the balance.} 14. Bd2 O-O) 14. Nxf6+ $16 Bxf6 15. O-O-O $1 {[%emt 0:00:12][%cal Od3h7] Hoping for Bxh7+!} Qa5 16. h4 Rd8 17. g4 (17. Bc2 $16) 17... Bd7 $1 $14 (17... e5 18. g5 Be7 19. Bxe5 $18 (19. Qxe5 Qxe5 20. Bxe5 Bg4 $16)) 18. Qe4 $40 {[%emt 0:04:33][%csl LRb7,LRh7][%mdl 128] White attacks.} Bc6 19. Qxh7+ Kf8 20. Be4 (20. Rhg1 {looks sharper.} Bf3 21. Bd2 Bxd1 22. g5) 20... Bxe4 21. Qxe4 Bxc3 $1 22. Bd6+ (22. bxc3 $2 Qxc3+ 23. Kb1 Qb3+ 24. Ka1 Qxa3+ 25. Kb1 Rxd1+ 26. Rxd1 Qb3+ 27. Kc1 Rc8+ 28. Kd2 Rd8+ 29. Ke2 Qxd1+ $19) 22... Kg8 23. Qxb7 (23. bxc3 $2 Qxc3+ 24. Qc2 (24. Kb1 $2 Qb3+ 25. Ka1 Rxd6 $19) 24... Qa1+ 25. Kd2 Qe5 $19) 23... Be5 (23... Rac8 $1 $11 24. Kb1 (24. bxc3 Qxc3+ 25. Kb1 Rc6 $17) 24... Qa4) 24. Qb4 $1 {[%emt 0:09:17] Active counter play!} Qxb4 25. Bxb4 Rac8+ 26. Kb1 Rxd1+ 27. Rxd1 $16 {[%emt 0:00:08][%mdl 4096] Endgame KRB-KRB} Rc4 28. Rd8+ Kh7 29. Rd7 Rf4 30. Bc5 ({Resist} 30. Rxa7 $6 Rxf2 31. b3 Kg6 $11) 30... a5 31. Be3 {[%emt 0:01:02] Inhibits a4.} Rxg4 32. Rxf7 Rxh4 33. Re7 Kg6 34. Rxe6+ Kf5 35. Rb6 a4 {[%emt 0:00:12] [#]} 36. Rb4 $1 g5 37. Kc2 ({White should try} 37. Rb5 $14) 37... Re4 $2 {[%emt 0:00:40][%mdl 8192] [#] Loses the game.} (37... Rxb4 $11 38. axb4 g4) 38. Rxe4 $1 $18 Kxe4 39. Bxg5 {[%emt 0:00:05] KB-KB} Bd4 40. Be3 $1 {[%emt 0:01:40] Bxd4 would kill now.} Bf6 41. Bd2 $2 (41. b3 axb3+ 42. Kxb3) 41... Bd4 $2 (41... Be5 42. b3 axb3+ 43. Kxb3 Kd5) 42. f4 Bg7 43. Bc3 {[%emt 0:00:24] White mates.} Bf8 44. Be5 Bc5 45. Kc3 Kd5 46. Kd3 Bb6 47. Bc3 Bc7 48. f5 Bf4 49. f6 Bh6 50. Bd2 {[%emt 0:00:00] Weighted Error Value: White=0.32/Black=0.32} 1-0